 Dungeon Crawl Stone Soup version 0.29.1-15-g9cfb28693d (webtiles) character file.

Game seed: 2771661414123146493

44 javelincjr the Magician (level 3, -8/25 HPs)
             Began as a Demonspawn Hedge Wizard on Mar 30, 2023.
             Killed by nerve-wracking pain
             ... invoked by Grinder
              (10 damage)
             ... on level 3 of the Dungeon.
             The game lasted 00:07:52 (2394 turns).

javelincjr the Magician (Demonspawn Hedge Wizard)   Turns: 2394, Time: 00:07:53

Health: -8/25      AC:  3    Str: 12    XL:     3   Next: 41%
Magic:  6/7        EV: 12    Int: 15    God:
Gold:   121        SH:  0    Dex: 12    Spells: 2/8 levels left

rFire   . . .      SeeInvis .   a - +0 dagger
rCold   + . .      Faith    .   (no shield)
rNeg    . . .      Spirit   .   b - +0 robe
rPois   .          Reflect  .   c - +0 hat
rElec   .          Harm     .   (no cloak)
rCorr   .          Rampage  .   k - +0 pair of gloves
Will    .....                   (no boots)
Stlth   ++........              s - amulet of magic regeneration
HPRegen 0.08/turn               h - ring of protection from cold
MPRegen 0.50/turn               (no ring)

@: studying Shields
A: demonic touch 1
a: no special abilities


You were on level 3 of the Dungeon.
You visited 1 branch of the dungeon, and saw 3 of its levels.

You collected 121 gold pieces.

Inventory:

Hand Weapons
 a - a +0 dagger (weapon)
Missiles
 t - 3 javelins
Armour
 b - a +0 robe (worn)
 c - a +0 hat (worn)
 k - a +0 pair of gloves (worn)
Jewellery
 h - a ring of protection from cold (left hand)
 m - an amulet of regeneration
 s - an amulet of magic regeneration (around neck)
Scrolls
 e - a scroll of magic mapping {unknown}
 f - a scroll of summoning {unknown}
 i - a scroll of enchant armour {unknown}
 o - a scroll of vulnerability {unknown}
 u - a scroll of teleportation {unknown}
 v - a scroll of identify {unknown}
Potions
 d - a potion of magic
 g - a potion of invisibility {unknown}
 j - a potion of berserk rage {unknown}
 l - a potion of attraction {unknown}
 n - a potion of mutation {unknown}
 p - a potion of degeneration {unknown}
 q - a potion of lignification {unknown}
 r - 2 potions of flight {unknown}


   Skills:
 * Level 0.8 Fighting
 + Level 0.4 Armour
 + Level 2.1 Dodging
 - Level 1.9 Stealth
 * Level 3.2 Spellcasting
 + Level 1.4 Conjurations
 + Level 1.4 Summonings
 + Level 1.3 Translocations


You had 2 spell levels left.
You knew the following spells:

 Your Spells              Type           Power      Damage    Failure   Level
a - Magic Dart            Conj           24%        1d4       11%         1
b - Call Imp              Summ           6%         N/A       17%         2
c - Blink                 Tloc           12%        N/A       17%         2
d - Slow                  Hex            8%         N/A       21%         1

Your spell library contained the following spells:

 Spells                   Type           Power      Damage    Failure   Level
 Conjure Flame            Conj/Fire      4%         6-21      41%         3
 Mephitic Cloud           Conj/Pois/Air  3%         N/A       43%         3


Dungeon Overview and Level Annotations

Branches:
Dungeon (3/15)

Altars:

Shops:
D:1 (

Annotations:
D:3 Grinder


Innate Abilities, Weirdness & Mutations

Your touch may inflict minor irresistible damage on your foes.


Message History

Grinder blinks!
You can move again.
Grinder says, "You look like you could use a good racking."
Grinder blinks!
Your white imp hits Grinder.
Your white imp freezes Grinder.
Grinder completely resists.
Grinder blinks!
Your white imp suddenly stops moving!
Casting: Call Imp (safe; 17% risk of failure)
Confirm with . or Enter, or press ? or * to list all spells.
Aiming: Magic Dart (safe; 11% risk of failure)
Press: ? - help, Shift-Dir - straight line, f/p - Grinder
Aim: Grinder (almost dead, not watching you, 100% to hit)
The magic dart hits Grinder.
Grinder is almost dead.
Casting: Magic Dart (safe; 11% risk of failure)
Confirm with . or Enter, or press ? or * to list all spells.
A beastly little devil appears in a puff of frigid air.
Your white imp disappears in a puff of smoke!
Grinder barely misses you. Grinder attacks as you move away! Grinder hits you.
You writhe in agony.
* * * LOW HITPOINT WARNING * * *
Grinder gestures at you. Pain shoots through your body!
* * * LOW HITPOINT WARNING * * *
You swap places.
Grinder gestures at you.
Your white imp suddenly stops moving!
Grinder hits your white imp but does no damage.
Unknown command.
Unknown command.
Grinder hits your white imp! Grinder hits your white imp!
Your white imp dies!
Your white imp disappears in a puff of smoke!
Casting: Call Imp (safe; 17% risk of failure)
Confirm with . or Enter, or press ? or * to list all spells.
A beastly little devil appears in a puff of frigid air.
Grinder gestures at you. Pain shoots through your body!
You die...

#.# #.#.##.......
#.# ####5#.##...§...
####.####
##...............
#<..>...#
##..#....#..#.....
#.##5##.#
#..##....##..#....
#.##.##.#
#..#......#.. #...
#.##....#
#.##..##..#
#§####..# #.#..##
#..# #.####.§#
##@#.. ..# #......§#
##..##. .##
####.#.## #....#
####....####.#5.##
+.......5..5.....#
####....########....
##.#.# .##.# ###.#
.# # ..# .#


You could see Grinder (ally target) and a friendly white imp (summoned).

Vanquished Creatures
  An adder (D:2)
  2 dart slugs (D:1)
  3 endoplasms
  A giant cockroach (D:1)
  3 goblins (D:1)
  2 hobgoblins
  A jackal (D:1)
  A quokka (D:1)
  4 ball pythons (D:1)
  4 bats (D:1)
  2 frilled lizards
  2 kobolds
  2 rats (D:2)
28 creatures vanquished.

Notes
Turn   | Place    | Note
-------+----------+-------------------------------------------
     0 | D:1      | javelincjr the Demonspawn Hedge Wizard began the quest for
                  | the Orb.
     0 | D:1      | Reached XP level 1. HP: 13/13 MP: 4/4
   110 | D:1      | Reached skill level 1 in Translocations
   237 | D:1      | Found Ysoklotu's Weapon Shoppe.
   492 | D:1      | Gained mutation: Your touch may inflict minor irresistible
                  | damage on your foes. [demonic ancestry]
   492 | D:1      | Reached XP level 2. HP: 19/19 MP: 1/6
  1240 | D:1      | Reached XP level 3. HP: 25/25 MP: 0/7
  1359 | D:1      | Found a faded altar of an unknown god.
  2142 | D:3      | Noticed Grinder
  2160 | D:3      | Paralysed by Grinder for 2 turns
  2184 | D:2      | Learned a level 2 spell: Call Imp
  2187 | D:2      | Learned a level 2 spell: Blink
  2189 | D:2      | Learned a level 1 spell: Slow
  2366 | D:3      | Paralysed by Grinder for 4 turns
  2385 | D:3      | HP: 1/25 [Grinder/nerve-wracking pain (5)]
  2394 | D:3      | Killed from afar by Grinder

Illustrated notes

Levels and vault maps discovered:
D:1:      lemuel_arrival_tunnels, layout_loops_ring,
          shapermc_ecumenical_altar_mp_vishouse, serial_shops,
          nicolae_lakefront_shop, minmay_misc_feat_nine_boxes, nrook_uturn,
          minmay_unequal
D:2:      layout_rooms, st_stairs_7
D:3:      layout_loops_corners, gammafunk_ghost_cemetery, serial_shops,
          nicolae_diamond_shop, minmay_misc_feat_iff, uniq_natasha, uniq_grinder

Skill      XL: |  1  2 |
---------------+-------+-----
Translocations | 1 |  1.3
Dodging        | 2 |  2.1
Fighting       | |  0.8
Armour         | |  0.4
Stealth        | |  1.9
Spellcasting   | |  3.2
Conjurations   | |  1.4
Summonings     | |  1.4

Action                   || total
-------------------------++-------
Melee: Dagger            ||    13
       Touch             ||     5
 Cast: Magic Dart        ||    81
       Call Imp          ||     7
       Slow              ||     2
Armor: Robe              ||     5
Dodge: Dodged            ||    16
